Map: [ESL] Tropical Sacrifice

Players

ShoWTimE - Winner!

  • Race: Protoss Protoss
  • Spawn Location: 7:00

LiquidClem (Clem)

  • Race: Terran Terran
  • Spawn Location: 1:00

Event: HomeStory Cup XXI

VOD

Have the link to the VOD?

Description

Time

  • Played on: July 23, 2022, 6:08 a.m.
  • Length: 9:35

All games in this series

Show
View Real Time Build Order
Export as new Build Order

ShoWTimE Protoss - Winner!

Build Orders: 1 Gate Expand, Blink Stalkers 

Get SALT Encoding   

  12  0:00  Probe  
  13  0:12  Probe  
  14  0:19  Pylon  
  14  0:24  Probe (Chrono Boost)  
  15  0:37  Probe (Chrono Boost)  
  15  0:38  Gateway  
  16  0:45  Probe (Chrono Boost)  
  16  0:46  Assimilator  
  17  0:51  Probe  
  18  1:03  Probe  
  19  1:15  Probe  
  20  1:22  Nexus  
  20  1:33  Cybernetics Core  
  20  1:36  Probe  
  21  1:41  Assimilator  
  21  1:48  Probe  
  21  1:52  Pylon  
  22  2:00  Probe  
  23  2:07  Adept (Chrono Boost)  
  23  2:09  Warp Gate  
  23  2:12  Probe  
  26  2:23  Twilight Council  
  26  2:25  Probe (Chrono Boost)  
  26  2:29  Stalker (Chrono Boost)  
  27  2:35  Probe (Chrono Boost)  
  32  2:44  Probe (Chrono Boost)  
  32  2:45  Probe (Chrono Boost)  
  32  2:50  Probe x2 (Chrono Boost)  
  33  2:55  Stalker  
  36  2:59  Blink (Chrono Boost)  
  36  3:01  Probe  
  36  3:02  Probe  
  38  3:13  Probe  
  38  3:15  Probe  
  40  3:22  Gateway  
  40  3:25  Probe  
  41  3:30  Robotics Facility  
  41  3:32  Probe  
  42  3:37  Pylon  
  42  3:38  Probe  
  43  3:44  Probe  
  44  3:52  Probe  
  45  3:59  Nexus  
  45  4:02  Stalker  
  47  4:06  Pylon  
  47  4:14  Probe  
  47  4:15  Probe  
  49  4:18  Stalker  
  49  4:19  Observer  
  52  4:26  Probe  
  52  4:27  Probe  
  51  4:38  Stalker, Probe  
  51  4:39  Probe  
  53  4:46  Stalker  
  53  4:50  Probe  
  53  4:51  Probe  
  57  4:53  Assimilator  
  57  4:56  Forge  
  57  4:58  Observer  
  58  5:01  Pylon  
  58  5:02  Probe  
  58  5:04  Charge (Chrono Boost), Probe  
  60  5:11  Probe  
  61  5:14  Probe  
  61  5:16  Probe  
  61  5:19  Pylon  
  63  5:23  Probe  
  63  5:24  Gateway  
  63  5:25  Protoss Ground Armor Level 1 (Chrono Boost)  
  63  5:26  Probe  
  63  5:28  Probe  
  66  5:35  Probe  
  66  5:36  Stalker x2  
  71  5:46  Gateway  
  71  5:49  Probe, Gateway  
  72  5:53  Gateway  
  72  5:55  Gateway  
  72  6:01  Warp Prism  
  74  6:11  Observer  
  74  6:15  Probe  
  75  6:21  Sentry x2  
  75  6:22  Sentry  
  81  6:26  Probe x2, Gateway  
  81  6:27  Pylon  
  81  6:29  Pylon  
  81  6:32  Pylon  
  83  6:35  Probe  
  83  6:36  Immortal (Chrono Boost)  
  83  6:37  Pylon  
  83  6:39  Shield Battery  
  87  6:46  Shield Battery  
  87  6:52  Zealot x4  
  95  7:02  Zealot x3  
  95  7:03  Pylon  
  95  7:07  Pylon  
  101  7:09  Immortal (Chrono Boost)  
  105  7:19  Zealot x4  
  113  7:24  Pylon, Zealot x3  
  113  7:25  Shield Battery  
  115  7:32  Probe x3  
  115  7:35  Protoss Ground Weapons Level 1 (Chrono Boost)  
  108  7:40  Templar Archives  
  108  7:41  Assimilator  
  108  7:44  Probe x2  
  109  7:48  Zealot x3  
  109  7:50  Probe  
  117  7:51  Assimilator  
  117  7:56  Probe  
  117  7:58  Photon Cannon  
  118  8:00  Probe, Assimilator  
  118  8:02  Probe  
  120  8:06  Zealot x2  
  120  8:08  Probe  
  120  8:10  Zealot x2  
  129  8:19  High Templar x3  
  135  8:20  High Templar  
  135  8:23  Pylon, Archon x2  
  137  8:27  Pylon  
  137  8:33  Pylon  
  137  8:35  Observer (Chrono Boost)  
  137  8:40  Stalker x4  
  134  8:56  Zealot x2  
  134  8:57  Zealot x2  
  128  9:04  Zealot x4  
  130  9:20  Zealot  
  130  9:21  Zealot x3  
  130  9:27  Zealot x3  
Show
View Real Time Build Order
Export as new Build Order

LiquidClem Terran 

Build Orders:  

Get SALT Encoding   

  12  0:00  SCV  
  13  0:12  SCV  
  14  0:17  Supply Depot  
  14  0:25  SCV  
  15  0:38  SCV  
  15  0:39  Barracks  
  16  0:44  Refinery  
  16  0:51  SCV  
  17  1:03  SCV  
  18  1:15  SCV  
  19  1:26  Marine  
  19  1:27  Orbital Command  
  20  1:42  Command Center  
  20  1:53  Factory  
  20  1:58  SCV  
  21  2:03  Barracks Reactor  
  21  2:08  Supply Depot  
  21  2:11  SCV  
  22  2:23  SCV  
  23  2:31  Refinery  
  23  2:35  SCV  
  24  2:43  Hellion x2, Starport  
  28  2:48  SCV  
  29  2:55  Orbital Command  
  29  3:00  SCV  
  29  3:05  Widow Mine  
  32  3:06  Widow Mine  
  32  3:10  Marine  
  32  3:12  SCV  
  36  3:19  Medivac  
  38  3:22  SCV  
  38  3:24  SCV  
  38  3:26  Supply Depot  
  40  3:31  Widow Mine  
  40  3:33  Widow Mine  
  44  3:35  SCV  
  44  3:38  SCV  
  46  3:42  Barracks Tech Lab  
  46  3:45  Supply Depot  
  46  3:48  SCV  
  47  3:50  SCV  
  47  3:52  Viking  
  50  3:57  Supply Depot  
  50  4:03  SCV x2  
  52  4:10  Marine x2  
  52  4:11  Siege Tank  
  52  4:15  SCV, Supply Depot  
  52  4:16  SCV  
  59  4:27  SCV  
  59  4:28  Marine x2  
  59  4:31  SCV  
  59  4:36  Starport Tech Lab  
  59  4:37  Barracks  
  57  4:39  SCV  
  57  4:43  SCV  
  55  4:46  Siege Tank, Marine x2  
  55  4:48  Barracks  
  55  4:52  Bunker, Refinery  
  58  4:54  SCV  
  58  4:56  SCV  
  60  5:01  Refinery  
  60  5:03  Supply Depot  
  60  5:04  Marine x2  
  62  5:08  SCV x2  
  64  5:20  SCV x2  
  66  5:22  Marine x2  
  66  5:24  Starport Reactor  
  66  5:26  Engineering Bay  
  66  5:27  Factory Reactor  
  66  5:28  Supply Depot  
  68  5:32  SCV, Stimpack  
  68  5:33  SCV  
  69  5:38  Marauder  
  69  5:40  Marine x2  
  73  5:44  SCV  
  73  5:45  Supply Depot  
  73  5:48  Combat Shield  
  73  5:49  Marauder  
  76  5:54  Supply Depot  
  76  5:58  Marine x2  
  76  6:00  Marauder  
  76  6:02  Medivac x2  
  84  6:06  Widow Mine  
  84  6:07  Widow Mine  
  84  6:11  SCV  
  84  6:12  SCV  
  84  6:17  Marauder  
  83  6:19  Marine x2  
  83  6:23  SCV  
  83  6:24  SCV  
  83  6:25  Terran Infantry Weapons Level 1  
  86  6:29  Widow Mine x2  
  90  6:34  Marauder  
  90  6:39  Marine  
  95  6:40  Marine, Marauder  
  95  6:42  Medivac  
  95  6:45  Supply Depot  
  95  6:46  Medivac  
  100  6:56  Command Center  
  100  6:57  Marine x2  
  100  6:58  Marauder  
  102  7:05  Supply Depot  
  102  7:07  Marauder, Widow Mine  
  106  7:10  Supply Depot  
  106  7:11  SCV  
  106  7:12  SCV, Concussive Shells  
  108  7:21  Marauder  
  108  7:22  Marine  
  109  7:24  SCV  
  109  7:26  Widow Mine  
  109  7:28  Medivac  
  109  7:29  Marauder  
  114  7:32  Marine  
  114  7:37  SCV  
  106  7:39  SCV  
  106  7:43  Widow Mine  
  106  7:44  Marine, Medivac  
  111  7:48  Marauder  
  114  7:55  Barracks  
  114  7:58  SCV x2  
  116  7:59  Barracks  
  116  8:00  Marauder  
  116  8:05  Marine x2  
  118  8:10  SCV x2  
  126  8:13  Widow Mine x2  
  126  8:17  Supply Depot  
  126  8:19  Orbital Command  
  126  8:21  Marauder  
  126  8:23  SCV  
  126  8:24  SCV  
  130  8:27  Marine x2  
  130  8:30  Marauder  
  130  8:33  Viking  
  136  8:36  Widow Mine x2  
  136  8:37  SCV  
  136  8:39  SCV  
  142  8:42  Supply Depot  
  142  8:44  SCV  
  142  8:46  Barracks Reactor, Marine x2  
  142  8:47  Barracks Tech Lab  
  145  8:50  SCV  
  145  8:55  Marauder x2  
  124  8:57  Widow Mine  
  124  9:00  Widow Mine  
  120  9:04  Marine  
  120  9:07  Marine  
  120  9:08  Marauder  
  121  9:14  SCV x2  
  121  9:16  Marine  
Tags
 
Add a new tag
Caveats
  • Supply blocks, unpowered buildings, or Contaminate may cause inaccurate times.
  • Supply counts are checked every 10 seconds.